 Dungeon Crawl Stone Soup version 0.32-a0-779-g362cfcae2a (webtiles) character file.

Game seed: 14636710035780203832

877 ezpacito the Trooper (level 8, -21/61 HPs)
             Began as a Coglin Chaos Knight on Mar 20, 2024.
             Was a Plaything of Xom.
             Demolished by an ogre
             ... wielding a +0 giant spiked club
              (43 damage)
             ... on level 5 of the Dungeon.
             The game lasted 00:04:58 (4435 turns).

ezpacito the Trooper (Coglin Chaos Knight)          Turns: 4435, Time: 00:04:58

Health: -21/61     AC: 10    Str: 16    XL:     8   Next: 4%
Magic:  10/10      EV:  7    Int: 11    God:    Xom [....*.]
Gold:   201        SH:  0    Dex: 13    Spells: 7/10 levels left

rFire   + . .        a - +0 hand axe (chaos) {Jakob}
rCold   . . .        o - staff of Bigua {rF+ SInv Necro Earth}
rNeg    . . .        y - +0 chain mail
rPois   .            (no helmet)
rElec   .            (no cloak)
rCorr   .            (no gloves)
SInv    +            k - +0 pair of boots
Will    .....        (amulet unavailable) Stlth
                     (ring unavailable)
HPRegen 0.30/turn    (ring unavailable)
MPRegen 0.12/turn    (no gizmo)

%: no passive effects
@: revved
A: off-hand wielding, slow wielding, warmup strikes, no jewellery
a: Invent Gizmo, Renounce Religion


You were on level 5 of the Dungeon.
You worshipped Xom.
You were a beloved toy of Xom.
You visited 2 branches of the dungeon, and saw 6 of its levels.

You collected 201 gold pieces.

Inventory:

Hand Weapons
 a - a +0 hand axe of chaos (weapon) {Jakob}
 r - a +4 flail of distortion
 u - a +0 war axe
 w - a +0 trident
Missiles
 g - 6 atropa-tipped darts
 l - 4 poisoned darts (quivered)
Armour
 k - a +0 pair of boots (worn)
 y - a +0 chain mail (worn)
Magical Staves
 f - a staff of fire
 o - the staff of Bigua (offhand) {rF+ SInv Necro Earth}
   (You found it on level 2 of the Dungeon)

   [staff of earth]

   Base accuracy: +5 Base damage: 5 Base attack delay: 1.2 This weapon's minimum
   attack delay (0.6) is reached at skill level 12.
   rF+:       It protects you from fire.
   SInv:      It lets you see invisible.
   Necro:     It increases the power of your Necromancy spells.
   Earth:     It increases the power of your Earth spells.
   It falls into the 'Staves' category.
   It is a one-graspered weapon.
Talismans
 m - a blade talisman
Wands
 i - a wand of flame (14)
Scrolls
 c - a scroll of butterflies
 e - a scroll of poison {unknown}
 n - a scroll of enchant armour {unknown}
 p - 2 scrolls of teleportation {unknown}
 s - a scroll of revelation {unknown}
 x - a scroll of acquirement {unknown}
 B - a scroll of blinking
Potions
 d - 2 potions of attraction
 h - a potion of heal wounds {unknown}
 j - a potion of magic
 q - 2 potions of curing
 t - 2 potions of ambrosia {unknown}
 v - a potion of berserk rage {unknown}


   Skills:
 * Level 4.4 Fighting
 * Level 4.3(4.6) Axes
 + Level 2.0(3.4) Polearms
 + Level 1.5(2.1) Staves
 * Level 3.6 Armour
 * Level 3.0 Dodging
 + Level 1.6 Stealth
 + Level 1.5 Spellcasting
 + Level 2.0 Alchemy
 + Level 2.9 Evocations


You had 7 spell levels left.
You knew the following spells:

 Your Spells              Type           Power      Damage    Failure   Level
x - Mephitic Cloud        Conj/Alch/Air  2%         N/A       100%        3

Your spell library contained the following spells:

 Spells                   Type           Power      Damage    Failure   Level
 Shock                    Conj/Air       0%         1d3       98%         1
 Slow                     Hex            0%         N/A       98%         1
 Confusing Touch          Hex            0%         N/A       100%        3
 Dazzling Flash           Conj/Hex       0%         N/A       100%        3
 Swiftness                Air            0%         N/A       100%        3
 Vampiric Draining        Necr           1%         2d6       100%        3
 Airstrike                Air            0%         2d(0-16)  100%        4
 Curse of Agony           Necr           1%         N/A       100%        5
 Silence                  Hex/Air        0%         N/A       100%        5


Dungeon Overview and Level Annotations

Branches:
Dungeon (5/15)             Temple (1/1) D:4

Altars:
Cheibriados
Dithmenos
Fedhas
Gozag
Hepliaklqana
Makhleb
Nemelex Xobeh
Qazlal
Ru
Trog
Uskayaw
Vehumet
Wu Jian
Xom

Annotations:
D:3 1 runed translucent door, smashvw's ghost, amateur GnFi


Innate Abilities, Weirdness & Mutations

You can wield a second weapon in your off-hand.
It takes a long time for you to wield or remove held weapons.
Your first few attacks do less damage.
You cannot equip rings or amulets.


Message History

You hit the adder with the staff of Bigua.
The adder closely misses you. The ogre closely misses you.
You completely miss the adder with the staff of Bigua.
The adder is severely wounded.
You hit the adder with your +0 hand axe of chaos.
You kill the adder!
You hit the ogre with your +0 hand axe of chaos.
The ogre seems to speed up.
You hit the adder but do no damage. The adder bites you but does no damage.
The ogre hits you with a +0 giant spiked club.
You barely miss the adder with your +0 hand axe of chaos.
The adder is moderately wounded.
You hit the white imp with your +0 hand axe of chaos.
The white imp convulses.
You hit the ogre with your +0 hand axe of chaos.
The ogre seems to grow stronger.
You miss the adder with the staff of Bigua.
The adder bites you but does no damage. x2
The ogre hits you with a +0 giant spiked club!!!
Ouch! That really hurt!
The white imp gestures at you. The puff of frost misses you.
You are too injured to fight recklessly!
You are too injured to fight recklessly!
You take 37 damage, and have 22/61 hp.
MASSIVE DAMAGE!!
You are too injured to fight recklessly!
You are too injured to fight recklessly!
You are too injured to fight recklessly!
You are too injured to fight recklessly!
You are too injured to fight recklessly!
You are too injured to fight recklessly!
You are too injured to fight recklessly!
You are too injured to fight recklessly!
You are too injured to fight recklessly!
Okay, then.
You open the door. The adder bites you but does no damage.
The ogre hits you with a +0 giant spiked club!!!
Ouch! That really hurt!
You die...
Xom is highly amused!

##...## ##...###.#..
#.....#####.....#.....
#....†..........#.....
#.....#####.....#..÷..
##...##...##...##<....
##.##.....##.##......
#.#.......#.#.......
#†'.O.:...#)).......
#.#@S.....#.####....
#.##5..).##.# ###.#.
... #...##... #...#.
.... ####.... #.#...
#.... ..... #.####
#..... ##.....#..###
##.. ##.. ##.... ###
##### #.# #


You could see an ogre (fast, strong), an adder and a white imp.

Vanquished Creatures
  An ice beast (D:5)
  A black bear (D:4)
  An ogre (D:5)
  A scorpion (D:4)
  A jelly (D:5)
  2 hounds
  An orc priest (D:5)
  An iguana (D:5)
  Natasha (thrice) (D:3)
  2 gnolls
  4 adders
  A shadow imp (D:5)
  2 dart slugs
  A ribbon worm (D:2)
  An orc (D:4)
  8 ball pythons
  11 endoplasms
  A giant cockroach (D:1)
  6 goblins
  4 hobgoblins
  11 jackals
  6 kobolds
  3 quokkas
  5 bats
  5 frilled lizards
  5 rats
88 creatures vanquished.

Vanquished Creatures (collateral kills)
  Edmund (D:4)
  A jelly (D:4)
  An orc wizard (D:5)
  An endoplasm (D:4)
4 creatures vanquished.

Vanquished Creatures (others)
  A white imp (D:5)
  An orc (D:3)
  A hobgoblin (D:3)
  A kobold (D:3)
  A quokka (D:3)
5 creatures vanquished.

Grand Total: 97 creatures vanquished

Notes
Turn   | Place    | Note
-------+----------+-------------------------------------------
     0 | D:1      | ezpacito the Coglin Chaos Knight began the quest for the
                  | Orb.
     0 | D:1      | Reached XP level 1. HP: 18/18 MP: 1/1
   109 | D:1      | Reached skill level 1 in Dodging
   220 | D:1      | XOM: silly message
   255 | D:1      | XOM: butterfly on damage
   257 | D:1      | Reached XP level 2. HP: 17/24 MP: 2/2
   648 | D:1      | Found a faded altar of an unknown god.
   710 | D:1      | Reached XP level 3. HP: 26/29 MP: 3/3
  1053 | D:2      | Identified the staff of Bigua {rF+ SInv Necro Earth}
  1081 | D:2      | XOM: silly message
  1127 | D:2      | XOM: divination: magic mapping
  1680 | D:2      | Found a hazy altar of Hepliaklqana.
  1716 | D:2      | Reached skill level 1 in Evocations
  1916 | D:3      | Found a runed translucent door.
  1921 | D:3      | Noticed Natasha
  1927 | D:3      | Noticed smashvw's ghost (amateur GnFi)
  1933 | D:3      | Killed Natasha
  1934 | D:3      | Reached XP level 4. HP: 18/35 MP: 4/4
  1938 | D:3      | XOM: potion effect (brilliance)
  1940 | D:3      | Found a shimmering altar of Xom.
  2186 | D:3      | Noticed Natasha
  2194 | D:3      | XOM: potion effect (heal wounds)
  2200 | D:3      | Killed Natasha
  2201 | D:3      | Reached XP level 5. HP: 32/41 MP: 5/5
  2287 | D:3      | Noticed Natasha
  2289 | D:3      | XOM: potion effect (invisibility)
  2298 | D:3      | Killed Natasha
  2305 | D:3      | Learned a level 3 spell: Mephitic Cloud
  2426 | D:3      | XOM: divination: detect creatures
  2667 | D:4      | Noticed a black bear
  2677 | D:4      | Killed a black bear
  2678 | D:4      | Reached skill level 1 in Polearms
  2678 | D:4      | Reached skill level 1 in Stealth
  2678 | D:4      | Reached XP level 6. HP: 48/48 MP: 7/7
  2716 | D:4      | Noticed Edmund
  2717 | D:4      | XOM: summons 6 friendly demons
  2722 | D:4      | Killed Edmund
  2723 | D:4      | Reached skill level 1 in Staves
  2723 | D:4      | Reached skill level 1 in Spellcasting
  2723 | D:4      | Reached skill level 1 in Alchemy
  2734 | D:4      | Found a staircase to the Ecumenical Temple.
  2748 | Temple   | Entered the Ecumenical Temple
  3044 | D:4      | XOM: 2-stop teleportation journey
  3388 | D:4      | Reached XP level 7. HP: 38/53 MP: 8/8
  4083 | D:5      | Entered Level 5 of the Dungeon
  4101 | D:5      | Found a bloodstained altar of Trog.
  4115 | D:5      | XOM: enchant monster (bad)
  4117 | D:5      | XOM: scenery: create altars
  4225 | D:5      | XOM: smoke on damage
  4226 | D:5      | XOM: enchant monster (good)
  4391 | D:5      | Reached XP level 8. HP: 55/61 MP: 10/10
  4392 | D:5      | XOM: enchant monster (good)
  4431 | D:5      | XOM: scenery: 1 doors close
  4435 | D:5      | Demolished by an ogre

Illustrated notes

Levels and vault maps discovered:
D:1:      sevenhm_arrival_forest_fort_large_4, layout_basic,
          shapermc_ecumenical_altar_gd
D:2:      layout_basic, serial_rivers, chequers_serial_rivers_micro_b,
          chequers_serial_rivers_marsh, chequers_serial_rivers_small_b,
          chequers_serial_rivers_micro_b, chequers_serial_rivers_micro_b,
          chequers_serial_rivers_marsh, basic_altar, kennysheep_generic_room_12
D:3:      layout_rooms, xom_confusion_cloud, ebering_ghost_sewer_d, uniq_natasha
D:4:      kennysheep_six_static_rooms, layout_layer_cave, temple_fountains,
          uniq_edmund
D:5:      minmay_octagon_keep, layout_rooms, yredelemnul_altar_generic,
          lemuel_crystal_altar, grunt_ashenzari_visionary
          [grunt_ashenzari_visionary_shoals, grunt_ashenzari_visionary_spider],
          mainiacjoe_overflow_six_doors_small
Temple:   nicolae_temple_hex_pool

Skill      XL: |  1  2  3  4  5  6  7  8 |
---------------+-------------------------+-----
Dodging        | 1 2 3 |  3.0
Armour         | 2 3 |  3.6
Evocations     | 1 2 |  2.9
Polearms       | 1 2 |  2.0
Stealth        | 1 |  1.6
Staves         | 1 |  1.5
Spellcasting   | 1 |  1.5
Alchemy        | 1 2 |  2.0
Fighting       | 4 |  4.4
Axes           | 4 |  4.3

Action                     |  1- 3 |  4- 6 |  7- 9 || total
---------------------------+-------+-------+-------++-------
  Melee: Hand axe          |    86 |    79 |    79 ||   244
         Dagger            |    47 |       |       ||    47
         Staff             |    36 |    79 |    77 ||   192
    Use: Scroll            |     3 |     2 |       ||     5
         Potion            |     2 |       |       ||     2
   Stab: Confused          |     1 |     3 |     3 ||     7
         Sleeping          |     1 |       |     2 ||     3
         Paralysed         |       |       |     8 ||     8
 Armour: Leather armour    |    56 |    56 |    26 ||   138
         Chain mail        |       |       |    40 ||    40
  Dodge: Dodged            |    47 |    47 |    37 ||   131

Table legend: (Time is in decaauts)
 A = Elapsed time spent in this place.
 B = Non-inter-level travel time spent in this place.
 C = Inter-level travel time spent in this place.
 D = Time resting spent in this place.
 E = Time spent auto-exploring this place.
 F = Levels seen in this place.
 G = Mean time per level.
                   A        B        C        D        E       F      G
               +--------+--------+--------+--------+--------+-----+--------+
         Total |   4480 |   4312 |    168 |     95 |   3507 |   6 |  746.7 |
       Dungeon |   4476 |   4310 |    166 |     95 |   3507 |   5 |  895.2 |
        Temple |      4 |      3 |      1 |      0 |      0 |   1 |    4.0 |
               +--------+--------+--------+--------+--------+-----+--------+

Top non-repeatable levels by time:
     D:4: 1460 daAuts
     D:2: 1051 daAuts
     D:1: 888 daAuts
     D:3: 718 daAuts
     D:5: 357 daAuts
  Temple: 4 daAuts
